 Dungeon Crawl Stone Soup version 0.25.0-9-g26727b6 (webtiles) character file.

Game seed: 335460548342113871

322 ratboy the Poker (level 6, -1/49 HPs)
             Began as a Merfolk Gladiator on June 19, 2020.
             Slain by Duvessa
             ... wielding a +0 short sword
              (10 damage)
             ... on level 4 of the Dungeon.
             The game lasted 00:08:42 (3851 turns).

ratboy the Poker (Merfolk Gladiator)                Turns: 3851, Time: 00:08:43

Health: -1/49      AC:  5    Str: 14    XL:     6   Next: 47%
Magic:  6/6        EV: 16    Int:  7    God:
Gold:   114        SH:  0    Dex: 18    Spells: 5/5 levels left

rFire    . . .     SeeInvis .   a - +0 trident
rCold    . . .     Gourm    .   (no shield)
rNeg     . . .     Faith    .   b - +0 leather armour
rPois    .         Spirit   .   c - +0 helmet
rElec    .         Reflect  .   (no cloak)
rCorr    .         Harm     .   p - +0 pair of gloves
MR       .....                  (no boots)
Stlth    +.........             (no amulet)
HPRegen  0.16/turn              (no ring)
MPRegen  0.10/turn              (no ring)

@: no status effects
A: change form in water, swift swim, stealthy swim
a: no special abilities


You were on level 4 of the Dungeon.
You were very hungry.

You visited 1 branch of the dungeon, and saw 4 of its levels.

You collected 114 gold pieces.

Inventory:

Hand Weapons
 a - a +0 trident (weapon)
Missiles
 d - 3 throwing nets
 g - 34 poisoned darts
 k - 32 stones (quivered)
Armour
 b - a +0 leather armour (worn)
 c - a +0 helmet (worn)
 p - a +0 pair of gloves (worn)
Jewellery
 o - a cursed -4 ring of dexterity {unknown}
Wands
 t - a wand of disintegration (4)
Scrolls
 e - 3 scrolls of identify {unknown}
 h - 4 scrolls of remove curse {unknown}
 i - 2 scrolls of teleportation {unknown}
 j - 2 scrolls of amnesia {unknown}
 l - 3 scrolls of fear {unknown}
 n - 2 scrolls of immolation {unknown}
 r - a scroll of blinking {unknown}
Potions
 q - a potion of heal wounds {unknown}
 u - a potion of degeneration {unknown}
Comestibles
 f - 4 rations


   Skills:
 + Level 4.5 Fighting
 + Level 6.8 Polearms
 - Level 2.0 Throwing
 + Level 6.2 Dodging


You had 5 spell levels left.
You didn't know any spells.
Your spell library was empty.

Dungeon Overview and Level Annotations

Branches:
Dungeon (4/15)
 Temple: D:4-7

Altars:
Cheibriados
Elyvilon
Xom
Zin

Shops:
D:4 (

Annotations:
D:4 Dowan, Duvessa


Message History

Evoke which item? (* to show all) (? for menu, Esc to quit)
Aiming: Disintegrate
Press: ? - help, Shift-Dir - straight line, f/p - Duvessa
Aim: Duvessa, wielding a +0 short sword and wearing a +0 leather armour (moderately wounded, berserk, chance to defeat MR: 48%) Duvessa resists with some effort.
Duvessa hits you with a +0 short sword!
* * * LOW HITPOINT WARNING * * *
Evoke which item? (* to show all) (? for menu, Esc to quit)
Aiming: Disintegrate
Press: ? - help, Shift-Dir - straight line, f/p - Duvessa
Aim: Duvessa, wielding a +0 short sword and wearing a +0 leather armour (moderately wounded, berserk, chance to defeat MR: 48%) Duvessa is blasted!
Duvessa hits you but does no damage. x2
Evoke which item? (* to show all) (? for menu, Esc to quit)
Aiming: Disintegrate
Press: ? - help, Shift-Dir - straight line, f/p - Duvessa
Aim: Duvessa, wielding a +0 short sword and wearing a +0 leather armour (heavily wounded, berserk, chance to defeat MR: 48%) Duvessa resists with some effort.
Duvessa hits you with a +0 short sword!
* * * LOW HITPOINT WARNING * * *
It was a potion of curing.
You feel better. Duvessa hits you with a +0 short sword!
You die...

#........#....##.....#
#...##...##...##.....#
#...##...##...##.....#
#...##....†....#.....#
#'####.........#.....#
#.(.#..........#.....#
#.)(#######....#.....#
####..(##...#######
........mee..##...
...##...##........ ..
######........ .
#......... #.........
#.[....... ##..###...
#..# ... .... ..


You could see Duvessa (berserk) and Dowan.

Vanquished Creatures
  A centaur (D:4)
  A scorpion (D:4)
  An orc wizard (D:3)
  Jessica (D:2)
  6 adders
  2 worms (D:3)
  3 dart slugs
  5 leopard geckos
  4 orcs (D:3)
  2 ball pythons
  7 bats
  3 giant cockroaches
  8 hobgoblins
  4 kobolds
  A quokka (D:3)
  2 frilled lizards
  10 goblins
  A leopard gecko skeleton (D:3)
  5 rats
67 creatures vanquished.

Notes
Turn   | Place    | Note
-------+----------+-------------------------------------------
     0 | D:1      | ratboy the Merfolk Gladiator began the quest for the Orb.
     0 | D:1      | Reached XP level 1. HP: 16/16 MP: 1/1
   283 | D:1      | Reached XP level 2. HP: 22/23 MP: 2/2
   672 | D:1      | Reached skill level 5 in Polearms
   762 | D:1      | Reached XP level 3. HP: 28/28 MP: 3/3
  1533 | D:2      | Noticed Jessica
  1538 | D:2      | Killed Jessica
  1538 | D:2      | Reached skill level 5 in Dodging
  1538 | D:2      | Reached XP level 4. HP: 35/35 MP: 4/4
  1614 | D:2      | Found a shimmering altar of Xom.
  2071 | D:3      | Found a glowing silver altar of Zin.
  2356 | D:3      | Reached XP level 5. HP: 37/42 MP: 5/5
  2605 | D:3      | Found a snail-covered altar of Cheibriados.
  2609 | D:3      | Found a white marble altar of Elyvilon.
  3582 | D:4      | Found Ocvyijo's Antique Weapon Shoppe.
  3587 | D:4      | damn, maxwell's thermic engine is awesome
  3620 | D:4      | Reached XP level 6. HP: 46/48 MP: 6/6
  3833 | D:4      | Noticed Duvessa
  3842 | D:4      | Noticed Dowan
  3851 | D:4      | Slain by Duvessa

Illustrated notes

####### ######
#####.....# #.....
#...#.....# #.....
#...#.....# #.....
#...#.....# #...>.
#...#.....# #)....
+...#.....#####.....
#...#...............
#.m.#...............
#...#...............
...##...#...............
........#...............
........'...............
........#...............
........#.....#########'
...##...+.....#.........
... #...#.....#.........


Turn 3587 on D:4: damn, maxwell's thermic engine is awesome

Levels and vault maps discovered:
D:1:      matt_arrival_los_fun, layout_basic, serial_bayou_lake_a
D:2:      layout_basic, first_ration, xom_teletrap_fun, uniq_jessica
D:3:      layout_rooms, minitemple, nicolae_overflow_hidden_temple,
          minmay_misc_feat_x, minmay_misc_feat_five
D:4:      layout_gridville, serial_shops, shop, uniq_duvessa, uniq_pikel

Skill      XL: |  1  2  3  4  5 |
---------------+----------------+-----
Polearms       | 5 6 |  6.8
Fighting       | 3 4 |  4.5
Dodging        | 5 6 |  6.2
Throwing       | |  2.0

Action                   |  1- 3 |  4- 6 || total
-------------------------+-------+-------++-------
Melee: Trident           |   114 |   168 ||   282
Throw: Stone             |       |     2 ||     2
Evoke: Wand              |       |     7 ||     7
  Use: Potion            |       |     1 ||     1
 Stab: Distracted        |     1 |       ||     1
       Sleeping          |     1 |     1 ||     2
  Eat: Chunk             |     2 |     6 ||     8
Armor: Leather armour    |    18 |    26 ||    44
Dodge: Dodged            |    73 |   117 ||   190
